 Dungeon Crawl Stone Soup version 0.28-a0-1190-g77e1c55843 (webtiles) character file.

Game seed: 17409004071906352138

51 ders the Magician (level 4, -2/31 HPs)
             Began as a Djinni Fire Elementalist on Dec 18, 2021.
             Slain by a scorpion (9 damage)
             ... on level 2 of the Dungeon.
             The game lasted 00:02:35 (2676 turns).

ders the Magician (Djinni Fire Elementalist)        Turns: 2676, Time: 00:02:36

Health: -2/31      AC:  2    Str:  9    XL:     4   Next: 5%
Gold:   79         EV: 12    Int: 17    God:
                   SH:  0    Dex: 13

rFire   + + .      SeeInvis .   d - +0 dagger
rCold   x . .      Faith    .   (no shield)
rNeg    . . .      Spirit   .   a - +0 robe
rPois   ∞          Reflect  .   (no helmet)
rElec   .          Harm     .   (no cloak)
rCorr   .          Rampage  .   (no gloves)
Will    .....                   (boots unavailable)
Stlth   ++........              (no amulet)
HPRegen 0.10/turn               (no ring)
MPRegen 0.00/turn               (no ring)

@: flying
A: sickness immunity, fire resistance 2, cold vulnerability 1, float, innate
caster, hp casting, extra vitality 1
a: no special abilities


You were on level 2 of the Dungeon.
You visited 1 branch of the dungeon, and saw 2 of its levels.

You collected 79 gold pieces.

Inventory:

Hand Weapons
 d - a +0 dagger (weapon)
Armour
 a - a +0 robe (worn)
Scrolls
 b - a scroll of identify {unknown}
 g - a scroll of immolation {unknown}
 h - 2 scrolls of teleportation {unknown}
Potions
 c - a potion of brilliance {unknown}
 e - a potion of degeneration {unknown}
 f - a potion of cancellation {unknown}
 i - a potion of heal wounds {unknown}
 j - a potion of flight {unknown}


   Skills:
 + Level 3.0 Dodging
 - Level 1.5 Stealth
 * Level 3.2 Spellcasting


You couldn't memorise any spells.
You knew the following spells:

 Your Spells              Type           Power      Damage    Failure   Level
a - Foxfire               Conj/Fire      56%        2x1d6     4%          1
b - Scorch                Fire           28%        2d6       7%          2
c - Conjure Flame         Conj/Fire      14%        6-21      13%         3
d - Inner Flame           Hex/Fire       14%        N/A       13%         3
e - Flame Wave            Conj/Fire      14%        2d5       41%         4
f - Pain                  Necr           56%        1d6       4%          1
Your spell library was empty.

Dungeon Overview and Level Annotations

Branches:
Dungeon (2/15)

Altars:
Uskayaw


Innate Abilities, Weirdness & Mutations

You are immune to sickness and miasma.
You are immune to poison.
Your flesh is very heat resistant. (rF++)
You are vulnerable to cold. (rC-)
You float through the air rather than walking.
You learn spells naturally, not from books.
Your magical power is your life essence.
You have superior vitality. (+4 HP)


Message History

Confirm with . or Enter, or press ? or * to list all spells.
Aiming: Pain (safe; 4% risk of failure)
Press: ? - help, Shift-Dir - straight line, f - frilled lizard
Aim: a frilled lizard (chance to affect: 83%)
The frilled lizard writhes in agony.
You kill the frilled lizard!
A ball python comes into view.
The ball python hisses angrily.
Casting: Pain (safe; 4% risk of failure)
Confirm with . or Enter, or press ? or * to list all spells.
You conjure some foxfire!
The foxfire hits the ball python.
The ball python is moderately wounded.
The foxfire hits the ball python.
You kill the ball python!
Unknown command.
Casting: Foxfire (safe; 4% risk of failure)
Confirm with . or Enter, or press ? or * to list all spells.
You conjure some foxfire!
Unknown command.
Your foxfire dissipates! x2
Found a ring mail.
A scorpion comes into view.
A scorpion is nearby!
Casting: Foxfire (safe; 4% risk of failure)
Confirm with . or Enter, or press ? or * to list all spells.
The fire begins to smoulder!
Casting: Conjure Flame (quite dangerous; 13% risk of failure)
Confirm with . or Enter, or press ? or * to list all spells.
The fire ignites!
You are engulfed in blazing flames.
You resist. The scorpion stings you! The scorpion barely misses you.
The scorpion stings you!
* * * LOW HITPOINT WARNING * * *
The scorpion is engulfed in blazing flames.
The scorpion closely misses you. The scorpion closely misses you.
You see here a +0 great sword.
The scorpion stings you!
You die...

#.......(....#.(###.##..#####.###
#............#.#.................
#............#.##.####..### #....
#..>....<÷......#.# .# #####
#............#..#.# # ##
##.##.#.#....#....# #.
#.##.............####.. #.
#.##.#.#............... #. #.
##...#..####@##### #.
##.##..####s#####. #.
...................# #.
###..........####### ##
......######## ###... ####


You could see a scorpion.

Vanquished Creatures
  2 dart slugs
  3 bats (D:2)
  3 endoplasms
  4 giant cockroaches
  6 hobgoblins
  3 kobolds (D:1)
  3 quokkas
  2 ball pythons
  2 frilled lizards (D:2)
  6 goblins
  8 rats
42 creatures vanquished.

Vanquished Creatures (others)
  101 foxfires
101 creatures vanquished.

Grand Total: 143 creatures vanquished

Notes
Turn   | Place    | Note
-------+----------+-------------------------------------------
     0 | D:1      | ders the Djinni Fire Elementalist began the quest for the
                  | Orb.
     0 | D:1      | Reached XP level 1. HP: 15/15 MP: 0/0
   386 | D:1      | Found a faded altar of an unknown god.
   474 | D:1      | Reached XP level 2. HP: 19/21 MP: 0/0
   630 | D:1      | You are sucked into a shaft and drop 1 floor!
   797 | D:1      | Reached XP level 3. HP: 21/25 MP: 0/0
   797 | D:1      | Learned a level 1 spell: Pain
  1873 | D:2      | Found a hide-covered altar of Uskayaw.
  1939 | D:2      | HP: 1/25 [hobgoblin (4)]
  2425 | D:2      | Reached XP level 4. HP: 22/31 MP: 0/0
  2652 | D:2      | Noticed a scorpion
  2676 | D:2      | Slain by a scorpion

Illustrated notes

Levels and vault maps discovered:
D:1:      minmay_arrival_split_and_join, layout_basic,
          shapermc_ecumenical_altar_mp_urbaneastern, serial_bayou_ford_a
D:2:      layout_loops_ring, basic_altar, minmay_vboxes

Skill      XL: |  1  2  3 |
---------------+----------+-----
Spellcasting   | 3 |  3.2
Dodging        | 3 |  3.0
Stealth        | |  1.5

Action                   |  1- 3 |  4- 6 || total
-------------------------+-------+-------++-------
Melee: Unarmed           |     1 |       ||     1
 Cast: Foxfire           |    62 |     2 ||    64
       Scorch            |     7 |       ||     7
       Conjure Flame     |       |     2 ||     2
       Pain              |       |     2 ||     2
Dodge: Dodged            |    13 |     3 ||    16

Table legend: (Time is in decaauts)
 A = Elapsed time spent in this place.
 B = Non-inter-level travel time spent in this place.
 C = Inter-level travel time spent in this place.
 D = Time resting spent in this place.
 E = Time spent auto-exploring this place.
 F = Levels seen in this place.
 G = Mean time per level.
                   A        B        C        D        E       F      G
               +--------+--------+--------+--------+--------+-----+--------+
         Total |   2677 |   2588 |     89 |    343 |   1929 |   2 | 1338.5 |
       Dungeon |   2677 |   2588 |     89 |    343 |   1929 |   2 | 1338.5 |
               +--------+--------+--------+--------+--------+-----+--------+

Top non-repeatable levels by time:
     D:1: 2004 daAuts
     D:2: 672 daAuts
